 Dungeon Crawl Stone Soup version 0.29-a0-383-g8b6f518c11 (webtiles) character file.

Game seed: 8162315716485949664

910 Bruhh the Changer (level 8, -5/105 HPs)
             Began as an Ogre Transmuter on May 6, 2022.
             Succumbed to a hornet's poison
             ... on level 6 of the Dungeon.
             The game lasted 00:11:07 (7581 turns).

Bruhh the Changer (Ogre Transmuter)                 Turns: 7581, Time: 00:11:07

Health: -5/105     AC: 24    Str: 15    XL:     8   Next: 8%
Magic:  8/12       EV:  1    Int: 14    God:
Gold:   310        SH:  0    Dex: 11    Spells: 7/13 levels left

rFire   . . .      SeeInvis .     - Unarmed
rCold   . . .      Faith    .   (no shield)
rNeg    . . .      Spirit   .   (body armour currently unavailable)
rPois   +          Reflect  .   (helmet currently unavailable)
rElec   .          Harm     .   (cloak currently unavailable)
rCorr   .          Rampage  .   (gloves unavailable)
Will    .....      NoTele   +   (boots unavailable)
Stlth   +.........              (no amulet)
HPRegen 0.27/turn               (no ring)
MPRegen 0.13/turn               (no ring)

@: lethally poisoned (-5 -> -29), tree-form, wereblooded, slowed, very slow
A: stationary, stasis, torment immunity, boosted hp, large, unfitting armour,
(tough skin 1), (poison resistance), wild magic 1
a: no special abilities


You were on level 6 of the Dungeon.
You were a tree.
You visited 1 branch of the dungeon, and saw 6 of its levels.

You collected 310 gold pieces.

Inventory:

Missiles
 d - 17 poisoned darts
Armour
 a - a +0 robe (melded)
Jewellery
 i - an amulet of reflection
 l - a +4 ring of protection
 m - a ring of fire
 t - an amulet of magic regeneration
Wands
 h - a wand of polymorph (6)
 n - a wand of paralysis (10)
 q - a wand of mindburst (20)
Scrolls
 e - 3 scrolls of identify {unknown}
 g - a scroll of magic mapping {unknown}
 j - a scroll of enchant weapon {unknown}
 k - 2 scrolls of teleportation {unknown}
 o - a scroll of immolation {unknown}
 p - a scroll of fog {unknown}
 u - a scroll of silence {unknown}
Potions
 c - a potion of flight {unknown}
 f - a potion of ambrosia {unknown}
 r - a potion of curing
 s - a potion of heal wounds {unknown}


   Skills:
 - Level 1.3 Fighting
 - Level 1.7 Dodging
 + Level 5.8 Unarmed Combat
 - Level 3.0 Spellcasting
 - Level 6.0 Transmutations
 - Level 2.0 Poison Magic


You had 7 spell levels left.
You knew the following spells:

 Your Spells              Type           Power      Damage    Failure   Level
a - Beastly Appendage     Tmut           48%        N/A       3%          1
b - Wereblood             Tmut           24%        N/A       4%          2
c - Spider Form           Tmut/Pois      17%        N/A       17%         3

Your spell library contained the following spells:

 Spells                   Type           Power      Damage    Failure   Level
 Ice Form                 Ice/Tmut       13%        N/A       61%         4


Dungeon Overview and Level Annotations

Branches:
Dungeon (6/15)             Temple (0/1) D:5

Altars:
Cheibriados


Innate Abilities, Weirdness & Mutations

You are a tree.
Your roots penetrate the ground, keeping you stationary.
You cannot be teleported.
You are immune to unholy pain and torment.
Your maximum health is greatly increased.
Your equipment is partially melded.
You are too large for most types of armour.
((You have tough skin. (AC +1)))
((Your system is resistant to poisons. (rPois)))
Your spells are a little harder to cast, but a little more powerful.


Message History

A hornet is nearby!
Casting: Wereblood (safe; 4% risk of failure)
Confirm with . or Enter, or press ? or * to list all spells.
You turn into a venomous arachnid creature.
Your +0 robe melds into your body.
The hornet buzzes angrily.
Casting: Spider Form (dangerous; 36% risk of failure)
Confirm with . or Enter, or press ? or * to list all spells.
Your blood is infused with primal strength.
You hear the slow hiss of a very distant avalanche of sand.
The hornet stings you!
You are poisoned.
You suddenly lose the ability to move!
You feel very sick. The hornet stings you!
You shrug off the repeated paralysis!
The hornet stings you!
You feel yourself slow down.
You can move again.
You see here a scroll labelled QEEDA MORCHA.
You are too injured to fight recklessly!
You bite the hornet!
The hornet is poisoned.
The hornet is moderately wounded.
You feel yourself speed up.
You feel very sick. The hornet stings you!
* * * LOW HITPOINT WARNING * * *
You shrug off the repeated paralysis!
The hornet stings you.
* * * LOW HITPOINT WARNING * * *
You feel yourself slow down.
You feel better. The hornet stings you.
* * * LOW HITPOINT WARNING * * *
You feel as though you will be slow longer.
The hornet stings you!
* * * LOW HITPOINT WARNING * * *
You are lethally poisoned!
You feel as though you will be slow longer.
Really quaff the potion of lignification?
Your transformation has ended.
Your +0 robe unmelds from your body.
You turn into a tree.
Your +0 robe melds into your body.
Your roots penetrate the ground.
You die...

. ...
########.... ####
#...........
.....#...♣y......
.....#...........
##.............
#.....#########
+..PP...#
#.......#
#....#<.+
#....#..#
#....#..#


You could see a hornet (very poisoned).

Vanquished Creatures
  A water moccasin (D:5)
  A black bear (D:5)
  A centaur (D:5)
  2 phantoms
  A scorpion (D:4)
  A bullfrog zombie (D:6)
  An orc priest (D:4)
  A centaur zombie (D:6)
  A gnoll shaman (D:4)
  An iguana (D:4)
  2 orc wizards (D:4)
  9 gnolls
  6 adders
  A white imp (D:5)
  A worm (D:3)
  3 dart slugs
  6 orcs
  3 endoplasms
  3 giant cockroaches
  7 goblins
  9 hobgoblins
  3 jackals (D:1)
  A quokka (D:5)
  13 ball pythons
  6 bats
  7 frilled lizards
  9 kobolds
  6 rats
106 creatures vanquished.

Vanquished Creatures (others)
  An orc (D:4)
1 creature vanquished.

Grand Total: 107 creatures vanquished

Notes
Turn   | Place    | Note
-------+----------+-------------------------------------------
     0 | D:1      | Bruhh the Ogre Transmuter began the quest for the Orb.
     0 | D:1      | Reached XP level 1. HP: 19/19 MP: 3/3
   164 | D:1      | Reached skill level 2 in Transmutations
   258 | D:1      | Reached XP level 2. HP: 27/27 MP: 3/5
   725 | D:1      | Learned a level 2 spell: Wereblood
   854 | D:1      | Reached XP level 3. HP: 26/33 MP: 5/7
   858 | D:1      | Reached skill level 3 in Transmutations
  1819 | D:2      | Reached XP level 4. HP: 41/41 MP: 6/8
  1915 | D:2      | Found a faded altar of an unknown god.
  2978 | D:3      | Noticed a phantom
  2994 | D:3      | Killed a phantom
  2995 | D:3      | Reached skill level 4 in Transmutations
  2995 | D:3      | Reached XP level 5. HP: 27/48 MP: 6/9
  3266 | D:3      | Learned a level 3 spell: Spider Form
  3963 | D:3      | Reached skill level 5 in Transmutations
  4105 | D:4      | Reached skill level 1 in Poison Magic
  4113 | D:4      | Reached XP level 6. HP: 25/55 MP: 5/10
  4952 | D:4      | Reached skill level 6 in Transmutations
  4952 | D:4      | Reached XP level 7. HP: 57/62 MP: 7/11
  5148 | D:4      | Found a snail-covered altar of Cheibriados.
  5586 | D:5      | Entered Level 5 of the Dungeon
  6432 | D:5      | Found a staircase to the Ecumenical Temple.
  6483 | D:5      | Reached skill level 5 in Unarmed Combat
  6491 | D:5      | Gained mutation: Your spells are a little harder to cast,
                  | but a little more powerful. [potion of mutation]
  6491 | D:5      | Gained mutation: Your system is resistant to poisons.
                  | (rPois) [potion of mutation]
  6982 | D:5      | Reached XP level 8. HP: 29/70 MP: 8/12
  7574 | D:6      | Noticed a hornet
  7577 | D:6      | Paralysed by a hornet for 2 turns
  7580 | D:6      | HP: 2/70 [hornet (7)]
  7581 | D:6      | Succumbed to a hornet's poison

Illustrated notes

Levels and vault maps discovered:
D:1:      minmay_arrival_solitary_statue, layout_loops_corners,
          roderic_roman_lattice, item_on_display_a
D:2:      layout_basic, nicolae_ecumenical_snake_handling
D:3:      minmay_door_path, layout_basic
D:4:      nicolae_BIG_FREAKIN_CUBE, layout_gridville,
          mainiacjoe_overflow_24_doors
D:5:      layout_cave_pods, temple_doors_ab, patterned_corridor
D:6:      layout_gridville, chequers_temple_overflow_statue_of_worship,
          nicolae_ossuary_entry_ruins, serial_undead, serial_undead_b,
          serial_undead_e, serial_undead_c, serial_undead_d, serial_undead_d,
          serial_undead_e, serial_undead_d,
          hangedman_abyss_or_decor_jellyfish_corner, uniq_sigmund

Skill      XL: |  1  2  3  4  5  6  7 |
---------------+----------------------+-----
Transmutations | 2 3 4 5 6 |  6.0
Spellcasting   | 3 |  3.0
Poison Magic   | 1 2 |  2.0
Unarmed Combat | 3 5 |  5.8
Fighting       | |  1.3
Dodging        | |  1.7

Action                   |  1- 3 |  4- 6 |  7- 9 || total
-------------------------+-------+-------+-------++-------
Melee: Unarmed           |   102 |   176 |    79 ||   357
       Kick              |    15 |    17 |       ||    32
       Headbutt          |    12 |    17 |       ||    29
       Punch             |       |     5 |       ||     5
 Cast: Beastly Appendage |    26 |    24 |     1 ||    51
       Wereblood         |       |     2 |     3 ||     5
       Spider Form       |       |    12 |    11 ||    23
  Use: Potion            |       |     3 |     3 ||     6
       Scroll            |       |       |     1 ||     1
 Stab: Sleeping          |     1 |       |       ||     1
Armor: Robe              |    31 |    32 |       ||    63
       Skin              |       |     4 |     6 ||    10
Dodge: Dodged            |    54 |   133 |    94 ||   281

Table legend: (Time is in decaauts)
 A = Elapsed time spent in this place.
 B = Non-inter-level travel time spent in this place.
 C = Inter-level travel time spent in this place.
 D = Time resting spent in this place.
 E = Time spent auto-exploring this place.
 F = Levels seen in this place.
 G = Mean time per level.
                   A        B        C        D        E       F      G
               +--------+--------+--------+--------+--------+-----+--------+
         Total |   7562 |   7380 |    182 |    307 |   6239 |   6 | 1260.3 |
       Dungeon |   7562 |   7380 |    182 |    307 |   6239 |   6 | 1260.3 |
               +--------+--------+--------+--------+--------+-----+--------+

Top non-repeatable levels by time:
     D:4: 1837 daAuts
     D:5: 1593 daAuts
     D:2: 1507 daAuts
     D:1: 1401 daAuts
     D:3: 1168 daAuts
     D:6: 54 daAuts
